AoeStats
← Msp

MegaRandom

504826899Analyzed
4v4 RM · 27d ago on Sep 6, 2026· 65m 26s· 8 players
Game mode
Random Map
Map size
Large (8 player)
Population
200
Speed
Normal
Resources
Standard
Victory
Conquest
Starting age
Dark Age
Ending age
Imperial Age
RankedLock teamsTeams togetherTeam positionsShared explorationLock speedFull tech treeHidden civsTurbo modeCheats
Victory
Defeat
🇨🇴 Georgians · Colombia
1569
+16
🇹🇷 Sicilians · Türkiye
1504
+19
🇺🇸 Khmer · United States
1485
+19
🇫🇷 Bulgarians · France
1478
+20
🇲🇦 Vietnamese · Morocco
1698
-24
🇫🇷 Spanish · France
1557
-18
🇫🇷 Huns · France
1531
-17
🇫🇷 Malians · France
1471
-15
The_OFLi
4:30 Loom
11:58 Feudal Age
15:51 Castle Age
14:00 Double-Bit Axe
14:17 Horse Collar
17:23 Heavy Plow
21:25 Town Watch
25:32 Wheelbarrow
25:19 Stone Mining
25:58 Bow Saw
27:59 Stone Shaft Mining
27:15 Gold Mining
29:19 Caravan
32:40 Imperial Age
31:22 Fletching
31:38 Scale Barding Armor
32:36 Chain Barding Armor
32:45 Cavalier
33:26 Husbandry
33:37 Bloodlines
33:50 Conscription
33:54 Ballistics
34:43 Hauberk
34:13 Light Cavalry
36:02 Plate Barding Armor
37:01 Hand Cart
37:21 Crop Rotation
37:40 Forging
38:16 Bodkin Arrow
40:15 Iron Casting
39:43 Arrowslits
44:31 Chemistry
43:34 Bracer
45:44 Blast Furnace
44:39 Capped Ram
45:55 Siege Ram
54:03 Coinage
53:52 Murder Holes
54:35 Hoardings
54:39 Elite Serjeant
55:31 Scale Mail Armor
56:13 First Crusade
57:39 Banking
59:18 Chain Mail Armor
59:57 Padded Archer Armor
60:10 Masonry
59:32 Sappers
61:44 Plate Mail Armor
63:46 Siege Engineers
Higgs Monaghan
10:48 Loom
13:00 Feudal Age
13:50 Double-Bit Axe
13:54 Horse Collar
16:50 Castle Age
15:23 Town Watch
15:35 Stone Mining
17:54 Bow Saw
18:03 Fletching
20:26 Heavy Plow
26:21 Bodkin Arrow
32:01 Gold Mining
48:12 Wheelbarrow
54:03 Caravan
57:35 Bloodlines
57:25 Husbandry
56:45 Light Cavalry
57:59 Scale Barding Armor
58:04 Forging
59:00 Gold Shaft Mining
59:20 Chain Barding Armor
59:35 Iron Casting
59:37 Stirrups
62:24 Imperial Age
63:14 Hand Cart
63:43 Plate Barding Armor
64:09 Blast Furnace
62:34 Hussar
62:45 Cavalier
64:01 Conscription
65:28 Gold Shaft Mining
65:25 Crop Rotation
jmolinao
4:16 Loom
11:36 Feudal Age
13:01 Town Watch
15:27 Castle Age
14:44 Scale Barding Armor
15:39 Double-Bit Axe
16:20 Light Cavalry
23:02 Horse Collar
32:07 Wheelbarrow
32:20 Heavy Plow
32:52 Forging
33:08 Chain Barding Armor
33:20 Bloodlines
33:41 Fletching
34:55 Caravan
37:31 Svan Towers
37:37 Bodkin Arrow
38:42 Hand Cart
38:57 Bow Saw
38:38 Gold Mining
38:51 Guard Tower
39:32 Ballistics
39:58 Husbandry
44:39 Imperial Age
45:59 Plate Barding Armor
47:47 Chemistry
47:22 Keep
46:56 Hussar
49:05 Siege Engineers
49:16 Padded Archer Armor
50:28 Fortified Wall
50:24 Murder Holes
50:00 Elite Skirmisher
52:40 Aznauri Cavalry
52:56 Conscription
54:32 Hoardings
55:23 Iron Casting
54:49 Bracer
54:52 Stone Mining
56:18 Leather Archer Armor
56:18 Masonry
57:20 Elite Monaspa
57:31 Sappers
58:04 Heavy Cavalry Archer
59:09 Parthian Tactics
59:50 Stone Shaft Mining
61:55 Crop Rotation
63:25 Blast Furnace
62:26 Scale Mail Armor
DarkPaladinX
10:25 Loom
12:48 Feudal Age
16:39 Castle Age
16:52 Bloodlines
17:29 Light Cavalry
22:57 Double-Bit Axe
23:40 Horse Collar
25:23 Scale Barding Armor
27:54 Caravan
28:49 Forging
32:36 Chain Barding Armor
32:39 Bow Saw
34:28 Heavy Plow
35:48 Stone Mining
42:50 Imperial Age
41:40 Wheelbarrow
42:52 Husbandry
43:30 Iron Casting
43:03 Hussar
44:43 Hand Cart
45:22 Plate Barding Armor
45:26 Town Watch
46:53 Blast Furnace
46:18 Conscription
46:27 Fletching
49:32 Elite Battle Elephant
50:52 Tusk Swords
51:21 Fortified Wall
52:54 Ballistics
53:01 Bodkin Arrow
54:09 Coinage
56:01 Banking
g2b
12:44 Feudal Age
14:00 Loom
17:16 Castle Age
15:45 Double-Bit Axe
16:51 Bloodlines
17:31 Scale Barding Armor
17:31 Horse Collar
20:02 Chain Barding Armor
23:51 Husbandry
25:03 Light Cavalry
26:55 Forging
27:14 Heavy Plow
28:51 Bow Saw
28:46 Caravan
29:24 Bow Saw
33:33 Wheelbarrow
32:44 Town Watch
33:55 Iron Casting
38:26 Imperial Age
36:15 Hand Cart
36:05 Fletching
37:31 Ballistics
38:54 Bodkin Arrow
38:42 Hussar
42:28 Plate Barding Armor
44:09 Two-Man Saw
44:39 Blast Furnace
44:42 Bracer
47:32 Coinage
47:56 Conscription
47:18 Cavalier
54:49 Masonry
56:17 Chemistry
55:24 Squires
55:25 Pikeman
56:07 Scale Mail Armor
58:26 Atheism
60:14 Halberdier
Msp
6:09 Loom
12:25 Feudal Age
16:58 Castle Age
16:34 Double-Bit Axe
17:18 Scale Barding Armor
26:33 Horse Collar
31:57 Bow Saw
33:51 Forging
35:49 Heavy Plow
35:18 Pikeman
36:20 Fletching
38:11 Town Watch
38:38 Bodkin Arrow
39:40 Wheelbarrow
43:24 Hand Cart
46:36 Light Cavalry
47:27 Bloodlines
47:36 Stone Mining
47:37 Gold Mining
50:22 Iron Casting
51:27 Scale Mail Armor
54:00 Caravan
60:17 Imperial Age
58:41 Squires
59:40 Chain Mail Armor
61:22 Arson
65:57 Crop Rotation
Daniel Chassagnez
5:33 Loom
12:54 Feudal Age
19:04 Castle Age
17:21 Stone Mining
17:23 Double-Bit Axe
17:21 Horse Collar
20:20 Fletching
20:53 Padded Archer Armor
21:22 Bow Saw
31:36 Wheelbarrow
31:42 Scale Barding Armor
31:35 Town Watch
32:24 Husbandry
32:45 Bloodlines
33:20 Light Cavalry
34:21 Chain Barding Armor
39:46 Forging
46:25 Hand Cart
49:52 Bodkin Arrow
53:04 Hand Cart
54:44 Heavy Plow
59:12 Caravan
63:42 Imperial Age
62:53 Iron Casting
65:09 Plate Barding Armor
64:06 Hussar
Skrillll
13:16 Feudal Age
12:57 Loom
14:43 Double-Bit Axe
14:42 Horse Collar
17:13 Castle Age
16:30 Stone Mining
18:50 Wheelbarrow
19:05 Bow Saw
19:36 Heavy Plow
23:22 Fletching
25:53 Hand Cart
26:44 Bodkin Arrow
27:15 Town Watch
29:50 Padded Archer Armor
30:11 Caravan
31:26 Ballistics
36:17 Imperial Age
34:13 Scale Mail Armor
34:37 Squires
34:49 Forging
34:49 Guard Tower
36:18 Leather Archer Armor
38:21 Bracer
38:59 Pikeman
40:09 Chain Mail Armor
41:18 Chemistry
42:10 Paper Money
43:49 Ring Archer Armor
43:09 Halberdier
43:09 Halberdier
44:26 Plate Mail Armor
44:40 Iron Casting
46:27 Fortified Wall
47:39 Keep
47:25 Bombard Tower
47:03 Murder Holes
46:49 Treadmill Crane
48:29 Arson
49:06 Arson
51:16 Arrowslits
51:07 Elite Rattan Archer
52:54 Elite Fire Lancer
66:24 Two-Man Saw
Connection lost

Rejoining the realm…

Still unreachable

The connection could not be restored.

Session expired

The server has moved on; the page needs a fresh start.